 Dungeon Crawl Stone Soup version 0.28.0 (webtiles) character file.

Game seed: 11907167791036597211

19921 SnakkuSnakku7 the Archer (level 12, -11/77 HPs)
             Began as a Deep Elf Artificer on Feb 17, 2022.
             Was an Elder of Dithmenos.
             Killed from afar by a rime drake (27 damage)
             ... with a flash freeze
             ... on level 4 of the Lair of Beasts.
             The game lasted 00:33:10 (25866 turns).

SnakkuSnakku7 the Archer (Deep Elf Artificer)      Turns: 25866, Time: 00:33:11

Health: -11/77     AC: 20    Str: 13    XL:     12   Next: 40%
Magic:  23/23      EV:  7    Int: 18    God:    Dithmenos [****..]
Gold:   555        SH:  0    Dex: 15    Spells: 11/11 levels left

rFire   . . .      SeeInvis .   C - +1 whip (elec)
rCold   . . .      Faith    .   (no shield)
rNeg    . . .      Spirit   .   y - +2 chain mail {rPois}
rPois   +          Reflect  .   A - +2 helmet
rElec   .          Harm     .   (no cloak)
rCorr   .          Rampage  .   (no gloves)
Will    +....                   l - +2 pair of boots
Stlth   ..........              (no amulet)
HPRegen 0.22/turn               k - ring of poison resistance
MPRegen 0.18/turn               w - ring of magical power

@: lethally poisoned (-11 -> -17), wreathed by umbra
A: no striking features
a: Renounce Religion, Shadow Step


You were on level 4 of the Lair of Beasts.
You worshipped Dithmenos.
Dithmenos was greatly pleased with you.
You visited 3 branches of the dungeon, and saw 15 of its levels.

You collected 857 gold pieces.
You spent 302 gold pieces at shops.

Inventory:

Hand Weapons
 a - a +1 shortbow
 b - a +1 dagger of venom
 C - a +1 whip of electrocution (weapon)
Missiles
 j - 82 bolts
 q - 64 arrows
Armour
 h - a +0 ring mail
 l - a +2 pair of boots (worn)
 y - a +2 chain mail of poison resistance (worn)
 A - a +2 helmet (worn)
Jewellery
 k - a ring of poison resistance (left hand)
 p - a ring of ice
 w - a ring of magical power (right hand)
Scrolls
 i - 2 scrolls of fog
 m - 4 scrolls of teleportation
 n - 3 scrolls of amnesia
 r - a scroll of brand weapon
 t - 4 scrolls of magic mapping
 E - 2 scrolls of blinking
Potions
 c - a potion of berserk rage
 g - 3 potions of flight
 o - 6 potions of curing
 s - a potion of heal wounds {unknown}
 u - a potion of ambrosia {unknown}
 v - 4 potions of brilliance {unknown}
 x - 4 potions of magic {unknown}
 z - a potion of cancellation
 B - a potion of haste
 D - 3 potions of attraction {unknown}
 F - 2 potions of mutation {unknown}
Miscellaneous
 e - a piece from Xom's chessboard (15/15)
 H - a phial of floods


   Skills:
 - Level 10.0 Fighting
 - Level 14.0 Bows
 - Level 10.0 Armour
 + Level 3.0 Dodging
 - Level 1.2 Stealth
 - Level 7.8 Evocations


You had 11 spell levels left.
You didn't know any spells.
Your spell library contained the following spells:

 Spells                   Type           Power      Damage    Failure   Level
 Animate Skeleton         Necr           0%         N/A       98%         1
 Beastly Appendage        Tmut           0%         N/A       98%         1
 Pain                     Necr           0%         1d4       98%         1
 Corpse Rot               Necr/Air       0%         N/A       99%         2
 Wereblood                Tmut           0%         N/A       99%         2
 Call Canine Familiar     Summ           0%         N/A       100%        3
 Portal Projectile        Hex/Tloc       0%         N/A       100%        3
 Spider Form              Tmut/Pois      0%         N/A       100%        3
 Stone Arrow              Conj/Erth      0%         3d7       100%        3
 Tukima's Dance           Hex            0%         N/A       100%        3
 Vampiric Draining        Necr           0%         2d6       100%        3
 Anguish                  Hex/Necr       0%         N/A       100%        4
 Animate Armour           Summ/Erth      0%         N/A       100%        4
 Fulminant Prism          Conj/Hex       0%         3d6       100%        4
 Leda's Liquefaction      Hex/Erth       0%         N/A       100%        4
 Lightning Bolt           Conj/Air       0%         1d11      100%        5
 Enfeeble                 Hex            0%         N/A       100%        7
 Lehudib's Crystal Spear  Conj/Erth      0%         10d2      100%        8
 Chain Lightning          Conj/Air       0%         N/A       100%        9


Dungeon Overview and Level Annotations

Branches:
Dungeon (10/15)            Temple (1/1) D:5            Lair (4/6) D:10
 Shoals (0/4) Lair:2
  Snake: Lair:2-4    Spider: Lair:2-4       Orc: D:9-12

Altars:
Ashenzari
Cheibriados
Dithmenos
Fedhas
Kikubaaqudgha
Okawaru
Ru
Sif Muna
Trog
Uskayaw
Wu Jian
Zin

Shops:
D:2 *   D:3 *   D:6 *

Annotations:
D:8 3 runed translucent doors, arthad's ghost, novice GnCA
D:9 3 runed translucent doors, LobsterGuardian's ghost, novice DsMo
D:10 3 runed translucent doors, Jingleheimer's ghost, novice DrTm; Maggie


Message History

No target in view!
No target in view!
A black mamba comes into view.
Found a wand of mindburst (11).
The black mamba hisses angrily.
The black mamba moves out of view.
A black mamba is nearby!
The black mamba bites you but does no damage.
You hit the black mamba but do no damage.
The black mamba bites you but does no damage.
The black mamba bites you!
You barely miss the black mamba. The black mamba bites you!
A rime drake comes into view.
The black mamba bites you.
The rime drake hisses angrily.
You hit the black mamba.
The black mamba is lightly wounded.
The black mamba barely misses you. The black mamba bites you!
The rime drake bites the plant.
The plant begins to die.
You are too injured to fight recklessly!
You are too injured to fight recklessly!
The black mamba barely misses you. The black mamba bites you.
You are poisoned.
The black mamba poisons you!
You feel very sick. The black mamba barely misses you.
You feel very sick.
A hell rat comes into view.
You see here a water moccasin corpse.
You feel very sick.
The black mamba bites you but does no damage.
There is a stone staircase leading up, spattered with blood here.
As you read the scroll of fear, it crumbles to dust.
You assume a fearsome visage.
The black mamba looks frightened!
The hell rat looks frightened!
You feel sick.
You feel sick. The rime drake breathes ice at you. The flash freeze hits you!!
You die...

## ##..P#.##P..../.
..###.P..#...#k.....
....................
........S....$......
.........k..........
#........#####......
#P........## ....#.
###.....†..###..###
###.).@........
#.......##....
#.........# ...
####.........
#..........
###........
##....... #......


You could see a black mamba (fleeing) and a rime drake (catching breath).

Vanquished Creatures
  Gastronok (Lair:3)
  2 hydras
  Erica (D:8)
  A two-headed ogre (D:10)
  A manticore (D:10)
  2 black mambas (Lair:3)
  5 cane toads
  A kobold demonologist (D:10)
  A komodo dragon (Lair:3)
  A troll (D:9)
  Grinder (D:5)
  3 hornets
  11 blink frogs (Lair:3)
  A vampire (D:10)
  A wraith (D:10)
  A basilisk (Lair:1)
  2 humans (D:9)
  15 yaks
  A steam dragon (Lair:3)
  Edmund (D:6)
  3 acid dragons
  Duvessa (D:6)
  7 water moccasins
  An ice beast (D:6)
  2 sky beasts
  2 orc warriors
  3 black bears
  17 wolves
  3 centaurs
  A phantom (D:5)
  5 kobold brigands
  12 bullfrogs
  A gnoll sergeant (D:8)
  A scorpion (D:6)
  A water moccasin zombie (D:5)
  Dowan (D:6)
  A water moccasin skeleton (D:4)
  10 killer bees
  5 wights (D:9)
  3 howler monkeys
  3 centaur zombies
  A bullfrog zombie (D:6)
  2 orc priests
  A centaur skeleton (D:7)
  2 hounds (D:5)
  A gnoll shaman (D:6)
  4 iguanas
  5 orc wizards
  A hell rat (Lair:4)
  2 killer bee zombies
  2 howler monkey skeletons
  4 adders
  11 gnolls
  2 shadow imps
  5 white imps
  An ufetubus (D:6)
  2 dart slugs (D:4)
  27 orcs
  4 ball pythons
  3 bats
  6 endoplasms
  2 giant cockroaches (D:1)
  8 goblins
  16 hobgoblins
  41 kobolds
  7 quokkas
  4 frilled lizards
  A jackal skeleton (D:4)
  4 rats
  2 rat zombies (D:10)
307 creatures vanquished.

Vanquished Creatures (others)
  2 black mambas (Lair:2)
  A troll (D:10)
  A killer bee (D:9)
  An orc priest (D:7)
  An orc (D:6)
  80 fungi
  85 plants
171 creatures vanquished.

Grand Total: 478 creatures vanquished

Notes
Turn   | Place    | Note
-------+----------+-------------------------------------------
     0 | D:1      | SnakkuSnakku7 the Deep Elf Artificer began the quest for
                  | the Orb.
     0 | D:1      | Reached XP level 1. HP: 11/11 MP: 3/3
    11 | D:1      | Got the Volume of Feathery Curses
   704 | D:1      | Reached XP level 2. HP: 16/16 MP: 4/4
  1749 | D:2      | Found Uvoeroeq's General Store.
  2180 | D:2      | Reached XP level 3. HP: 8/20 MP: 5/5
  2532 | D:2      | Reached skill level 5 in Evocations
  2547 | D:2      | Found a faded altar of an unknown god.
  3726 | D:3      | Reached XP level 4. HP: 20/24 MP: 6/6
  3807 | D:3      | Found Ileawiod's General Store.
  3814 | D:3      | Bought a scroll of identify for 28 gold pieces
  3814 | D:3      | Bought a potion of curing for 42 gold pieces
  3814 | D:3      | Bought a scroll of magic mapping for 49 gold pieces
  3947 | D:3      | Found a blossoming altar of Fedhas.
  4206 | D:4      | Noticed a +0 dagger
  4206 | D:4      | Noticed a +0 short sword
  4206 | D:4      | Noticed a +0 falchion
  4207 | D:4      | Noticed a +0 spear
  4207 | D:4      | Noticed a +0 spear
  4710 | D:4      | Reached XP level 5. HP: 21/28 MP: 7/7
  5306 | D:4      | Noticed a +0 dagger
  5307 | D:4      | Noticed a +0 short sword
  5308 | D:4      | Noticed a +0 falchion
  5317 | D:4      | Found a hide-covered altar of Uskayaw.
  5412 | D:4      | Found a glowing silver altar of Zin.
  5466 | D:5      | Entered Level 5 of the Dungeon
  5588 | D:5      | Noticed a centaur
  5596 | D:5      | Killed a centaur
  5597 | D:5      | Reached XP level 6. HP: 33/33 MP: 8/8
  5650 | D:5      | Reached skill level 2 in Bows
  5863 | D:5      | Found a staircase to the Ecumenical Temple.
  5950 | Temple   | Entered the Ecumenical Temple
  5953 | Temple   | Became a worshipper of Dithmenos the Shadowed
  6072 | D:5      | Found a broken altar of Ashenzari.
  6267 | D:5      | Noticed Grinder
  6270 | D:5      | Paralysed by Grinder for 5 turns
  6562 | D:5      | Killed Grinder
  6563 | D:5      | Reached skill level 5 in Bows
  6563 | D:5      | Reached XP level 7. HP: 37/37 MP: 9/9
  6930 | D:6      | Reached skill level 6 in Bows
  6978 | D:6      | Found a snail-covered altar of Cheibriados.
  6986 | D:6      | Found Kuarhac's General Store.
  7018 | D:6      | Bought a scroll of identify for 24 gold pieces
  7018 | D:6      | Bought a scroll of identify for 24 gold pieces
  7059 | D:6      | Reached skill level 7 in Bows
  7148 | D:6      | HP: 1/37 [something (5)]
  7551 | D:2      | Bought 19 arrows for 45 gold pieces
  7551 | D:2      | Bought a scroll of enchant weapon for 90 gold pieces
  7751 | D:6      | Reached skill level 8 in Bows
  7817 | D:5      | Reached skill level 9 in Bows
  7817 | D:5      | Reached XP level 8. HP: 22/42 MP: 10/10
  8063 | D:6      | Noticed Duvessa
  8519 | D:5      | Reached skill level 10 in Bows
  8935 | D:6      | Killed Duvessa
  8970 | D:6      | Noticed Edmund
  8985 | D:6      | Noticed Dowan
  9010 | D:5      | Reached * piety under Dithmenos
  9242 | D:6      | Killed Dowan
  9243 | D:6      | Reached skill level 11 in Bows
  9279 | D:6      | Killed Edmund
  9773 | D:7      | Reached skill level 12 in Bows
  9870 | D:7      | Found a bloodstained altar of Trog.
  9897 | D:7      | Noticed a hornet
  9919 | D:7      | Killed a hornet
  9920 | D:7      | Reached XP level 9. HP: 46/46 MP: 11/11
 10437 | D:7      | Reached skill level 13 in Bows
 10810 | D:7      | Reached ** piety under Dithmenos
 11000 | D:7      | Reached skill level 14 in Bows
 11158 | D:7      | Reached skill level 1 in Fighting
 11438 | D:8      | Noticed Erica
 11615 | D:8      | Killed Erica
 11843 | D:8      | Found Peciethu's Armour Emporium.
 11934 | D:8      | Found a runed translucent gate.
 11936 | D:8      | Found a runed translucent gate.
 11936 | D:8      | Found a runed translucent gate.
 11945 | D:8      | Reached skill level 5 in Fighting
 11945 | D:8      | Noticed arthad's ghost (novice GnCA)
 13040 | D:9      | Found a runed translucent gate.
 13040 | D:9      | Found a runed translucent gate.
 13041 | D:9      | Found a runed translucent gate.
 13046 | D:9      | Noticed a cyclops
 13047 | D:9      | Found an iron altar of Okawaru.
 13052 | D:9      | Noticed LobsterGuardian's ghost (novice DsMo)
 13071 | D:9      | Reached XP level 10. HP: 57/60 MP: 12/12
 13473 | D:8      | Reached *** piety under Dithmenos
 15579 | D:10     | Entered Level 10 of the Dungeon
 15850 | D:10     | Found a sacrificial altar of Ru.
 15904 | D:10     | Found a shimmering blue altar of Sif Muna.
 15958 | D:10     | Found a runed translucent gate.
 15958 | D:10     | Found a runed translucent gate.
 15958 | D:10     | Found a runed translucent gate.
 15959 | D:10     | Noticed Jingleheimer's ghost (novice DrTm)
 16496 | D:10     | Noticed Maggie
 16612 | D:10     | Noticed a two-headed ogre
 16632 | D:10     | Killed a two-headed ogre
 16766 | D:10     | Reached XP level 11. HP: 51/71 MP: 13/13
 17398 | D:9      | Reached skill level 10 in Fighting
 17398 | D:9      | Reached skill level 1 in Armour
 18244 | D:10     | Found a staircase to the Lair.
 18830 | D:10     | Found an ancient bone altar of Kikubaaqudgha.
 18985 | Lair:1   | Entered Level 1 of the Lair of Beasts
 20087 | Lair:2   | Reached skill level 5 in Armour
 21069 | Lair:2   | Noticed a six-headed hydra
 21222 | Lair:2   | Identified the +3 hand axe "Danuosee" {freeze, Str+3}
 21332 | Lair:2   | Found a staircase to the Shoals.
 22450 | Lair:2   | Killed a six-headed hydra
 23453 | Lair:3   | Reached XP level 12. HP: 25/77 MP: 14/14
 24149 | Lair:3   | Reached **** piety under Dithmenos
 25019 | Lair:3   | Noticed Gastronok
 25065 | Lair:3   | Killed Gastronok
 25211 | Lair:3   | Noticed a six-headed hydra
 25305 | Lair:3   | Killed a six-headed hydra
 25604 | Lair:3   | Reached skill level 10 in Armour
 25866 | Lair:4   | Killed from afar by a rime drake

Illustrated notes

Levels and vault maps discovered:
D:1:      saegor_arrival_simple_b, layout_basic
D:2:      cheibrodos_old_hovel, layout_loops_ring,
          ebering_ecumenical_altar_rust, serial_shops, shop,
          chequers_serial_rivers_large_b
D:3:      wad_pebble_path, layout_basic, fedhas_altar_4, serial_shops,
          nicolae_shop_waterfront
D:4:      layout_basic, nicolae_uskayaw_en_pointe, mainiacjoe_overflow_alcove_2,
          minmay_increasing_density
D:5:      layout_loops_corners, evilmike_ruin_ashenzari,
          minmay_temple_entry_statues, uniq_grinder
D:6:      corexii_shantytown, layout_rooms, mainiacjoe_overflow_catwalk,
          serial_shops, shop, minmay_misc_feat_more_columns, uniq_duvessa,
          uniq_edmund
D:7:      layout_cave_pods, marbit_many_paths
D:8:      layout_loops_corners, ebering_ghost_rock_garden, serial_shops,
          nicolae_shop_behind_doors, uniq_erica
D:9:      layout_roguey, okawaru_humans, gammafunk_ghost_split, serial_rivers,
          chequers_serial_rivers_micro_d, chequers_serial_rivers_marsh,
          chequers_serial_rivers_micro_e, chequers_serial_rivers_small_3,
          chequers_serial_rivers_small_b
D:10:     layout_roguey, lemuel_zombie_altar_kikubaaqudgha,
          nicolae_ru_sacrificial_ziggurat, lemuel_blue_sif_altar,
          due_lair_maze_entry_diamond, ebering_ghost_rock_garden,
          chequers_serial_rivers_large_a, amethyst_killhole,
          kennysheep_generic_room_16, uniq_maggie
Temple:   nicolae_temple_hex_pool
Lair:1:   layout_loops_ring, lemuel_fruit_tree
Lair:2:   layout_cave_pods, shoals_dummy_entry
Lair:3:   layout_layer_cave, lemuel_fruit_fields, uniq_gastronok
Lair:4:   layout_hall_layers, minmay_snake_entry_six_corridors,
          grunt_megastairs_3

Skill      XL: |  1  2  3  4  5  6  7  8  9 10 11 12 |
---------------+-------------------------------------+-----
Evocations     | 4 5 6 7 |  7.8
Bows           | 5 9 12 14 | 14.0
Fighting       | 5 9 10 | 10.0
Armour         | 8 10 | 10.0
Dodging        | 3 |  3.0
Stealth        | |  1.2

Action                   |  1- 3 |  4- 6 |  7- 9 | 10-12 || total
-------------------------+-------+-------+-------+-------++-------
Melee: Club              |    80 |       |       |       ||    80
       Punch             |     1 |       |     4 |     5 ||    10
       Dagger            |    63 |       |       |   401 ||   464
       Short sword       |    50 |    58 |       |       ||   108
       Trident           |       |    92 |   294 |       ||   386
       Unarmed           |       |     7 |       |       ||     7
       Whip              |       |       |    39 |   205 ||   244
 Fire: Shortbow          |       |     4 |   337 |   479 ||   820
Evoke: Wand              |    10 |     1 |    18 |    39 ||    68
       Piece from Xom's  |     1 |     1 |     1 |     4 ||     7
  Use: Scroll            |       |     9 |    10 |     6 ||    25
       Potion            |       |     1 |     3 |     4 ||     8
 Stab: Sleeping          |     2 |     1 |       |       ||     3
       Paralysed         |     1 |     5 |     7 |    14 ||    27
Armor: Leather armour    |     8 |       |       |       ||     8
       Ring mail         |    72 |    57 |   154 |       ||   283
       Skin              |       |     3 |       |       ||     3
       Chain mail        |       |       |   221 |   652 ||   873
Dodge: Dodged            |   121 |    89 |   283 |   362 ||   855
